 Dungeon Crawl Stone Soup version 0.25-a0-860-gf695395b5c (webtiles) character file.

Game seed: 8920640288894250045, levelgen mode: deterministic

37 Esekla the Grave Robber (level 3, -3/18 HPs)
             Began as a Vine Stalker Necromancer on Apr 27, 2020.
             Was an Initiate of Vehumet.
             Slain by an adder (4 damage)
             ... on level 2 of the Dungeon.
             The game lasted 00:07:13 (1162 turns).

Esekla the Grave Robber (Vine Stalker Necromancer)  Turns: 1162, Time: 00:07:13

Health: -3/18      AC:  3    Str: 10    XL:     3   Next: 41%
Magic:  0/8        EV: 12    Int: 16    God:    Vehumet [......]
Gold:   51         SH:  0    Dex: 14    Spells: 4/8 levels left

rFire    . . .     SeeInvis .   d - +0 dagger
rCold    . . .     Gourm    .   (no shield)
rNeg     . . .     Faith    .   a - +0 robe
rPois    .         Spirit   +   (no helmet)
rElec    .         Reflect  .   b - +0 cloak
rCorr    .         Harm     .   (no gloves)
MR       .....     Rnd*Tele +   (no boots)
Stlth    ++........             (no amulet)
HPRegen  0.06/turn              e - ring of teleportation (curse)
MPRegen  0.11/turn              (no ring)

@: lethally poisoned (-3 -> -10), very slightly contaminated
A: fangs 2, magic shield, antimagic bite, no potion heal 3, rot immunity
a: Renounce Religion


You were on level 2 of the Dungeon.
You worshipped Vehumet.
Vehumet was noncommittal.
You were hungry.

You visited 1 branch of the dungeon, and saw 2 of its levels.

You collected 51 gold pieces.

Inventory:

Hand Weapons
 d - a +0 dagger (weapon)
Armour
 a - a +0 robe (worn)
 b - a +0 cloak (worn)
Jewellery
 e - a cursed ring of teleportation (left hand)
Scrolls
 h - 2 scrolls of remove curse {unknown}
Potions
 f - a potion of lignification {unknown}
 g - a potion of might {unknown}
 i - a potion of stabbing {unknown}
Comestibles
 c - 2 rations


   Skills:
 * Level 1.1 Fighting
 + Level 0.2 Short Blades
 + Level 1.9 Dodging
 - Level 2.4 Stealth
 * Level 3.0 Spellcasting
 + Level 4.1 Necromancy


You had 4 spell levels left.
You knew the following spells:

 Your Spells              Type           Power        Failure   Level  Hunger
a - Pain                  Necr           ###.         3%          1    #......
d - Vampiric Draining     Necr           ###.......   11%         3    ###....

Your spell library contained the following spells:

 Spells                   Type           Power        Failure   Level  Hunger
 Animate Skeleton         Necr           N/A          3%          1    #......
 Animate Dead             Necr           N/A          34%         4    #####..
 Agony                    Necr           ###.....     67%         5    ######.


Dungeon Overview and Level Annotations

Branches:
Dungeon (2/15)

Altars:
Cheibriados
Trog
Vehumet


Innate Abilities, Weirdness & Mutations

You have extremely sharp teeth.
When hurt, damage is shared between your health and your magic reserves.
Your bite disrupts and absorbs the magic of your enemies.
Potions cannot restore your health.
You are immune to rotting.


Message History

Casting: Vampiric Draining (mildly dangerous; 11% risk of failure)
Confirm with . or Enter, or press ? or * to list all spells.
Aiming: Vampiric Draining (mildly dangerous; 11% risk of failure)
Press: ? - help, Shift-Dir - straight line, f - adder
Aim: an adder (heavily wounded)
The adder is almost dead.
You feel life coursing into your body.
A rat comes into view.
The adder barely misses you.
You closely miss the adder.
The adder is almost dead.
* * * LOW HITPOINT WARNING * * *
You feel sick. The adder bites you.
* * * LOW HITPOINT WARNING * * *
You hit the adder.
The adder is almost dead.
The adder bites you.
* * * LOW HITPOINT WARNING * * *
The adder bites you.
You die...

####.8...8.#.######.. ....##....
.............# .. ##.###
..<....⌠.....# ......
.............# .##.###
...#.8...8.### .. #....
#####.....########### #+# #.###
##...###........# #.# #.###
##......###.##.####.## #....
######## #@##.#.....###.##.
###S##(#.........# #
###.gl##.#......#..# #
###.K.wK.#......#.#..##.
#####........########.#..###
###...w........r# #.....#.....
###...##.⌠........# #.###.#...##
##...⌠..#.....⌠.....##.<...#[..#
.......w##.(......⌠.######.....#


You could see an adder, a dart slug, a leopard gecko, a hobgoblin, a kobold and
a rat.

Vanquished Creatures
  An adder (D:2)
  2 leopard geckos
  2 ball pythons
  5 bats (D:1)
  2 giant cockroaches
  2 goblins (D:2)
  3 hobgoblins
  4 kobolds
  2 frilled lizards
  2 rats (D:1)
25 creatures vanquished.

Notes
Turn   | Place    | Note
-------+----------+-------------------------------------------
     0 | D:1      | Esekla the Vine Stalker Necromancer began the quest for the
                  | Orb.
     0 | D:1      | Reached XP level 1. HP: 9/9 MP: 4/4
   410 | D:2      | Reached XP level 2. HP: 9/14 MP: 4/6
   695 | D:2      | Found a snail-covered altar of Cheibriados.
   697 | D:2      | Found a bloodstained altar of Trog.
   697 | D:2      | Found a radiant altar of Vehumet.
   701 | D:2      | Became a worshipper of Vehumet
   818 | D:1      | Reached skill level 1 in Fighting
   950 | D:1      | Reached XP level 3. HP: 12/18 MP: 8/8
   955 | D:1      | Learned a level 3 spell: Vampiric Draining
  1162 | D:2      | Slain by an adder

Levels and vault maps discovered:
D:1:      psy_arrival_basics, layout_rooms, solitary_fountain
D:2:      minmay_skewed_foursquare, layout_basic,
          gammafunk_temple_overflow_forgotten, first_ration,
          wad_floor_pattern_untrapped

Skill      XL: |  1  2  3 |
---------------+----------+-----
Fighting       | 1 |  1.1
Spellcasting   | 3 |  3.0
Short Blades   | |  0.2
Dodging        | |  1.9
Stealth        | |  2.4
Necromancy     | |  4.1

Action                   || total
-------------------------++-------
Melee: Dagger            ||    90
       Bite              ||    20
 Cast: Pain              ||     6
       Vampiric Draining ||     6
 Stab: Sleeping          ||     1
  Eat: Chunk             ||     1
Armor: Robe              ||    42
Dodge: Dodged            ||    83

Table legend:
 A = Non-vault XP
 B = Vault XP
 C = Vault XP percentage of total XP
 D = Non-vault monster count
 E = Vault monster count
 F = Vault count percentage of total count
                 A         B        C        D         E       F
            +---------+---------+-------+---------+---------+-------
      Total |      41 |      13 |  24.1 |      24 |       1 |   4.0
            +---------+---------+-------+---------+---------+-------
        D:1 |      24 |       0 |   0.0 |      15 |       0 |   0.0
        D:2 |      17 |      13 |  43.3 |       9 |       1 |  10.0
            +---------+---------+-------+---------+---------+-------
